 Dungeon Crawl Stone Soup version 0.28-a0-1406-ga8dd43b1d0 (webtiles) character file.

Game seed: 2878052135433551410

16 Froggeryz the Insei (level 2, -2/24 HPs)
             Began as a Mummy Monk on Jan 6, 2022.
             Was a Believer of Makhleb.
             Slain by an adder (5 damage)
             ... on level 2 of the Dungeon.
             The game lasted 00:00:43 (1031 turns).

Froggeryz the Insei (Mummy Monk)                    Turns: 1031, Time: 00:00:43

Health: -2/24      AC:  2    Str: 14    XL:     2   Next: 41%
Magic:  2/2        EV: 12    Int:  9    God:    Makhleb [**....]
Gold:   32         SH:  0    Dex: 14    Spells: 1/1 levels left

rFire   x . .      SeeInvis .     - Unarmed
rCold   + . .      Faith    .   (no shield)
rNeg    + + +      Spirit   .   a - +0 robe
rPois   ∞          Reflect  .   (no helmet)
rElec   .          Harm     .   (no cloak)
rCorr   .          Rampage  .   (no gloves)
Will    .....                   (no boots)
Stlth   ++........              (no amulet)
HPRegen 0.08/turn               (no ring)
MPRegen 0.08/turn               (no ring)

@: no status effects
A: cold resistance 1, negative energy resistance 3, torment resistance 2, heat
vulnerability 1, no potions
a: Renounce Religion, Minor Destruction


You were on level 2 of the Dungeon.
You worshipped Makhleb.
Makhleb was pleased with you.
You visited 1 branch of the dungeon, and saw 2 of its levels.

You collected 32 gold pieces.

Inventory:

Armour
 a - a +0 robe (worn)
Jewellery
 e - an amulet of guardian spirit
Scrolls
 b - 2 scrolls of torment {unknown}
 c - a scroll of brand weapon {unknown}
 d - a scroll of blinking {unknown}
 f - a scroll of noise {unknown}
 g - a scroll of fog {unknown}


   Skills:
 - Level 3.0 Fighting
 - Level 2.4 Dodging
 - Level 1.5 Stealth
 * Level 3.1 Unarmed Combat


You had one spell level left.
You didn't know any spells.
Your spell library was empty.

Dungeon Overview and Level Annotations

Branches:
Dungeon (2/15)

Altars:
Makhleb


Innate Abilities, Weirdness & Mutations

You are immune to poison.
Your flesh is cold resistant. (rC+)
You are immune to negative energy. (rN+++)
You are immune to unholy pain and torment.
You are vulnerable to heat. (rF-)
You do not drink.


Message History

The adder bites you.
You barely miss the adder.
The adder is moderately wounded.
The adder misses you. The adder closely misses you.
You miss the adder.
The adder is moderately wounded.
The adder bites you.
You miss the adder.
The adder is moderately wounded.
The adder closely misses you.
You barely miss the adder.
The adder is moderately wounded.
The adder bites you. x2
You hit the adder.
The adder is heavily wounded.
The adder bites you.
You are too injured to fight recklessly!
You are too injured to fight recklessly!
You are too injured to fight recklessly!
You miss the adder.
The adder is heavily wounded.
The adder misses you.
You hit the adder.
The adder is severely wounded.
The adder barely misses you. The adder bites you.
You miss the adder. You punch the adder.
The adder is almost dead.
The adder bites you.
* * * LOW HITPOINT WARNING * * *
You miss the adder.
The adder is almost dead.
The adder bites you.
* * * LOW HITPOINT WARNING * * *
You barely miss the adder.
The adder is almost dead.
The adder closely misses you.
You hit the adder but do no damage. Your punch misses the adder.
The adder is almost dead.
The adder bites you.
You die...

####..# ......# ......#
...#..### ....>...
....#.# #######
......###..# #.....#
..#........#.##S....#####
###.#####.##.##.@........
.....#... #.####.######
.....#.#####.##...#
....#......#.##.########
....#..#.#.#.##........#
.......###.#.##........#
..(#...#.....##........#
...#...#.#.............#
.###.....#####.........#


You could see an adder.

Vanquished Creatures
  3 endoplasms
  3 giant cockroaches
  A goblin (D:1)
  2 hobgoblins (D:1)
  A kobold (D:1)
  A quokka (D:1)
  A ball python (D:1)
  A frilled lizard (D:1)
13 creatures vanquished.

Notes
Turn   | Place    | Note
-------+----------+-------------------------------------------
     0 | D:1      | Froggeryz the Mummy Monk began the quest for the Orb.
     0 | D:1      | Reached XP level 1. HP: 18/18 MP: 1/1
   260 | D:1      | Found a faded altar of an unknown god.
   390 | D:1      | Prayed at the altar of an unknown god.
   390 | D:1      | Became a worshipper of Makhleb the Destroyer
   390 | D:1      | Reached * piety under Makhleb
   390 | D:1      | Reached ** piety under Makhleb
   679 | D:1      | Reached XP level 2. HP: 24/24 MP: 2/2
  1031 | D:2      | Slain by an adder

Illustrated notes

Levels and vault maps discovered:
D:1:      nzn_arrival_depleted_hourglass, layout_basic,
          ebering_ecumenical_altar_sacrificial, minmay_tiny_reverse_x
D:2:      layout_basic, guppyfry_early_lair_pool

Skill      XL: |  1 |
---------------+----+-----
Unarmed Combat | 3 |  3.1
Fighting       | |  3.0
Dodging        | |  2.4
Stealth        | |  1.5

Action                   || total
-------------------------++-------
Melee: Unarmed           ||    62
       Punch             ||     1
 Stab: Sleeping          ||     6
Armor: Robe              ||     1
Dodge: Dodged            ||    28

Table legend: (Time is in decaauts)
 A = Elapsed time spent in this place.
 B = Non-inter-level travel time spent in this place.
 C = Inter-level travel time spent in this place.
 D = Time resting spent in this place.
 E = Time spent auto-exploring this place.
 F = Levels seen in this place.
 G = Mean time per level.
                   A        B        C        D        E       F      G
               +--------+--------+--------+--------+--------+-----+--------+
         Total |   1027 |   1006 |     21 |    100 |    766 |   2 |  513.5 |
       Dungeon |   1027 |   1006 |     21 |    100 |    766 |   2 |  513.5 |
               +--------+--------+--------+--------+--------+-----+--------+

Top non-repeatable levels by time:
     D:1: 932 daAuts
     D:2: 95 daAuts
